 Dungeon Sprint DCSS version 0.17-a0-1719-g1afd5a1 (webtiles) character file.

50935 Kidiri the Imperceptible (level 13, -11/55 HPs)
             Began as a Spriggan Enchanter on Aug 27, 2015.
             Was the Champion of Dithmenos.
             Mangled by an orc knight (18 damage)
             ... in the Dungeon (Sprint III: "The Ten Rune Challenge").
             The game lasted 00:22:16 (4378 turns).

Kidiri the Imperceptible (Spriggan Enchanter)       Turns: 4378, Time: 00:22:16

Health: -11/55     AC:  5    Str:  3 (4)  XL:     13   Next: 61%
Magic:  26/35      EV: 36    Int: 19      God:    Dithmenos [******]
Gold:   55         SH:  0    Dex: 19      Spells: 12 memorised, 10 levels left

rFire  . . .     SeeInvis +     a - +1 dagger
rCold  . . .     Clarity  .     n - +2 robe {MR+}
rNeg   . . .     SustAt   .     (shield restricted)
rPois  .         Gourm    .     d - +1 hat {SInv}
rElec  .         Spirit   .     (no cloak)
rCorr  .         Warding  .     (gloves unavailable)
rMut   .         NoTele   +     (boots unavailable)
MR     ++++.                    (no amulet)
Stlth  ++++++++++               (no ring)
                                (no ring)

@: wreathed by umbra, very quick, incredibly resistant to hostile enchantments,
uncannily stealthy
A: unfitting armour, claws 1, hooves 1, see invisible, deterioration 1,
herbivore 3, speed 3, magic resistance 1, slow metabolism 2
a: Shadow Step, Shadow Form, Renounce Religion
}: 1/10 runes: serpentine


You were in the Dungeon.
You worshipped Dithmenos.
Dithmenos was exalted by your worship.
You were full.

You visited 1 branch You collected 55 gold pieces.

Inventory:

Hand weapons
 a - a +1 dagger (weapon)
Missiles
 l - 10 throwing nets (quivered)
Armour
 d - a +1 hat of see invisible (worn)
 n - a +2 robe of magic resistance (worn)
Scrolls
 m - a scroll of torment
 o - 3 scrolls of remove curse
Potions
 e - 3 potions of curing
 f - 2 potions of heal wounds
 g - 3 potions of haste
 h - a potion of magic
 i - 3 potions of berserk rage
 k - a potion of might
 p - a potion of flight
 q - a potion of cure mutation
 r - a potion of invisibility {unknown}
Comestibles
 b - 6 fruits
 c - 24 royal jellies


   Skills:
 + Level 11.9 Short Blades
 * Level 20.4 Dodging
 * Level 21.8 Stealth
 * Level 17.7 Spellcasting
 + Level 8.2 Conjurations
 + Level 13.3 Hexes
 + Level 11.8 Translocations
 + Level 12.7 Transmutations
 + Level 9.2 Ice Magic
 + Level 9.2 Earth Magic
 - Level 2.4 Invocations


You had 10 spell levels left.
You knew the following spells:

 Your Spells              Type           Power        Failure   Level  Hunger
a - Corona                Hex            ######.      0%          1    None
b - Ensorcelled Hibernat  Hex/Ice        ######       1%          2    None
c - Confuse               Hex            ######..     1%          3    None
d - Tukima's Dance        Hex            ######..     1%          3    None
e - Dazzling Spray        Conj/Hex       ######..     1%          3    None
f - Stoneskin             Trmt/Erth      ######..     1%          2    None
g - Stone Arrow           Conj/Erth      ######       1%          3    None
h - Passwall              Trmt/Erth      ######....   1%          3    None
i - Petrify               Trmt/Erth      ######..     1%          4    None
j - Lee's Rapid Deconstr  Erth           ######....   1%          5    ###....
k - Gell's Gravitas       Hex/Tloc       ######....   1%          3    None
l - Metabolic Englaciati  Hex/Ice        ######....   1%          5    ###....


Dungeon Overview and Level Annotations

Branches:
Dungeon (1/1)

Altars:
Cheibriados
Dithmenos
Elyvilon
Fedhas
Gozag
Kikubaaqudgha
Makhleb
Nemelex Xobeh
Okawaru
Qazlal
Ru
Sif Muna
Trog
Vehumet
Xom
Yredelemnul
Zin
The Shining One
Jiyva
Lugonu

Shops:
D }(?=[![


Innate Abilities, Weirdness & Mutations

You are tiny and cannot use many weapons and most armour.
You have supernaturally acute eyesight.
You are a herbivore.
You cover ground extremely quickly.
You need consume almost no food.
You have sharp fingernails.
You have large cloven feet.
Your body sometimes deteriorates upon taking damage.
You are resistant to hostile enchantments.


Message History

Your body deteriorates!
You feel weakened.
Unknown command.
Unknown command.
The orc priest mumbles some strange prayers to Beogh against you.
Something smites you!
You emit a cloud of dark smoke.
Unknown command.
Casting: Tukima's Dance
Confirm with . or Enter, or press ? or * to list all spells.
Aiming: Dazzling Spray
Press: ? - help, Shift-Dir - straight line, p - orc knight The spray of energy hits you!
* * * LOW HITPOINT WARNING * * *
The spray of energy hits the orc knight.
The orc knight is lightly wounded.
The spray of energy hits the orc.
You kill the orc!
Dithmenos accepts your kill.
The orc priest looks braver for a moment.
The orc knight hits you!!
You die...

▓▓▓ ▓▓▓▓ ▓▓
##.############$#$###$$#
##..#___#__[#__#$$#∩#$o$$
.#..#)..#..)#%_#$$§oooo.$
.#..###+#+###+##§§ooooo.$
+#..#..........#§oo§.oo.#
#...'.⌠........#@(#o#o##$
#...#...######'#o## #
....#.⌠.#__#...#§################
....#...#__#...#....#)#)#)....#..
....#+###__#...##.#.)#.##.###.#..
....#:))#__#...'##.#.#.##.#).##..
....#___#_.+...#...#..#..##.[+...
▓▓▓▓▓▓▓▓▓▓▓▓▓▓▓▓▓▓▓▓▓▓▓▓▓▓▓▓▓#...
≈♣♣.....♣♣♣♣≈≈≈........≈≈≈...#(..


You could see an orc knight, 2 orc priests, an orc and a friendly great sword.

Vanquished Creatures
  Rupert (D)
  Gastronok (D)
  Harold (D)
  A greater naga (D)
  4 azure jellies (D)
  Maud (D)
  2 dire elephants (D)
  A naga warrior (D)
  2 hydras (D)
  Erolcha (D)
  7 anacondas (D)
  4 death yaks (D)
  A spriggan druid (D)
  3 death drakes (D)
  A lindwurm (D)
  Joseph (D)
  A guardian serpent (D)
  2 elephants (D)
  4 black mambas (D)
  2 spiny frogs (D)
  A fire drake (D)
  A komodo dragon (D)
  3 wandering mushrooms (D)
  A deep elf priest (D)
  A queen bee (D)
  8 blink frogs (D)
  2 trapdoor spiders (D)
  A shadow (D)
  4 redbacks (D)
  2 spriggans (D)
  A spatial vortex (D)
  2 nagas (D)
  2 hill giants (D)
  A swamp drake (D)
  3 water moccasins (D)
  A necrophage (D)
  3 two-headed ogres (D)
  2 brain worms (D)
  A water elemental (D)
  A scorpion (D)
  32 killer bees (D)
  An electric eel (D)
  A jelly (D)
  A wizard (D)
  A necromancer (D)
  A kobold demonologist (D)
  3 humans (D)
  An adder (D)
  An ooze (D)
  An orc (D)
  3 rats (D)
128 creatures vanquished.

Vanquished Creatures (others)
  2 draconian scorchers (D)
  2 yaktaurs (D)
  13 plants (D)
17 creatures vanquished.

Grand Total: 145 creatures vanquished

Notes
Turn   | Place    | Note
--------------------------------------------------------------
     0 | D        | Kidiri the Spriggan Enchanter began the quest for the Orb.
     0 | D        | Reached XP level 1. HP: 9/9 MP: 5/5
     9 | D        | Reached skill level 5 in Stealth
   112 | D        | Killed a yaktaur
   163 | D        | Noticed a scorpion
   181 | D        | Killed a scorpion
   181 | D        | Reached skill level 6 in Dodging
   181 | D        | Reached skill level 7 in Stealth
   181 | D        | Reached skill level 5 in Spellcasting
   181 | D        | Reached XP level 2. HP: 7/13 MP: 6/9
   181 | D        | Reached XP level 3. HP: 8/16 MP: 6/10
   185 | D        | Learned a level 2 spell: Ensorcelled Hibernation
   189 | D        | Learned a level 3 spell: Confuse
   193 | D        | Learned a level 3 spell: Tukima's Dance
   197 | D        | Learned a level 3 spell: Dazzling Spray
   207 | D        | Killed a yaktaur
   235 | D        | Killed a white draconian scorcher
   288 | D        | Killed a white draconian scorcher
   349 | D        | Reached skill level 5 in Hexes
   349 | D        | Reached XP level 4. HP: 21/21 MP: 10/12
   373 | D        | Gained mutation: You heal slowly when monsters are visible. [potion of mutation]
   373 | D        | Gained mutation: Your body sometimes deteriorates upon taking damage. [potion of mutation]
   373 | D        | Gained mutation: You can breathe flames. [potion of mutation]
   374 | D        | Lost mutation: You heal slowly when monsters are visible. [potion of mutation]
   374 | D        | Gained mutation: You are resistant to hostile enchantments. [potion of mutation]
   375 | D        | Gained mutation: You have sharp fingernails. [potion of mutation]
   375 | D        | Gained mutation: You have large cloven feet. [potion of mutation]
   375 | D        | Lost mutation: You can breathe flames. [potion of mutation]
   503 | D        | Noticed a water elemental
   505 | D        | Killed a water elemental
   505 | D        | Reached skill level 8 in Stealth
   505 | D        | Reached skill level 1 in Conjurations
   505 | D        | Reached skill level 1 in Ice Magic
   515 | D        | Noticed a jelly
   516 | D        | Noticed a shadow
   518 | D        | Killed a shadow
   518 | D        | Reached skill level 9 in Dodging
   518 | D        | Reached skill level 10 in Stealth
   518 | D        | Reached XP level 5. HP: 24/24 MP: 14/16
   518 | D        | Reached XP level 6. HP: 28/28 MP: 14/17
   525 | D        | Killed a jelly
   582 | D        | Found a stormy altar of Qazlal.
   583 | D        | Noticed a spatial vortex
   583 | D        | Found a sacrificial altar of Ru.
   583 | D        | Found a burning altar of Makhleb.
   583 | D        | Found a viscous altar of Jiyva.
   583 | D        | Found a shimmering altar of Xom.
   583 | D        | Found a shadowy altar of Dithmenos.
   583 | D        | Found a sparkling altar of Nemelex Xobeh.
   583 | D        | Found a corrupted altar of Lugonu.
   583 | D        | Found an opulent altar of Gozag.
   587 | D        | Became a worshipper of Dithmenos the Shadowed
   590 | D        | Killed a spatial vortex
   590 | D        | Reached skill level 5 in Short Blades
   590 | D        | Reached skill level 11 in Stealth
   590 | D        | Reached skill level 1 in Invocations
   613 | D        | Found a radiant altar of Vehumet.
   614 | D        | Found a deep blue altar of Sif Muna.
   614 | D        | Found an ancient bone altar of Kikubaaqudgha.
   614 | D        | Noticed a wizard
   615 | D        | Killed a wizard
   617 | D        | Reached skill level 10 in Dodging
   634 | D        | Learned a level 2 spell: Stoneskin
   638 | D        | Learned a level 3 spell: Stone Arrow
   642 | D        | Learned a level 3 spell: Passwall
   647 | D        | Found a glowing silver altar of Zin.
   648 | D        | Found a glowing golden altar of the Shining One.
   648 | D        | Found a white marble altar of Elyvilon.
   648 | D        | Noticed a deep elf priest
   650 | D        | Killed a deep elf priest
   650 | D        | Reached skill level 1 in Earth Magic
   650 | D        | Reached XP level 7. HP: 32/32 MP: 18/20
   670 | D        | Learned a level 4 spell: Petrify
   670 | D        | Found an iron altar of Okawaru.
   671 | D        | Found a bloodstained altar of Trog.
   671 | D        | Noticed a human
   671 | D        | Noticed a human
   673 | D        | Killed a human
   673 | D        | Reached skill level 12 in Stealth
   674 | D        | Killed a human
   674 | D        | Acquired Dithmenos's first power
   688 | D        | Found a snail-covered altar of Cheibriados.
   688 | D        | Noticed a necrophage
   690 | D        | Noticed a necromancer
   691 | D        | Killed a necrophage
   691 | D        | Reached XP level 8. HP: 36/36 MP: 18/22
   693 | D        | Killed a necromancer
   694 | D        | Found a basalt altar of Yredelemnul.
   694 | D        | Found a blossoming altar of Fedhas.
   730 | D        | Noticed a two-headed ogre
   730 | D        | Noticed a two-headed ogre
   734 | D        | Killed a two-headed ogre
   734 | D        | Reached skill level 10 in Spellcasting
   736 | D        | Killed a two-headed ogre
   741 | D        | Noticed a two-headed ogre
   742 | D        | Killed a two-headed ogre
   742 | D        | Acquired Dithmenos's second power
   747 | D        | Noticed a hill giant
   750 | D        | Killed a hill giant
   750 | D        | Reached skill level 13 in Stealth
   755 | D        | Noticed a hill giant
   755 | D        | Noticed Erolcha
   757 | D        | Killed Erolcha
   757 | D        | Reached skill level 5 in Transmutations
   757 | D        | Reached XP level 9. HP: 39/39 MP: 24/24
   758 | D        | Killed a hill giant
   782 | D        | Learned a level 5 spell: Lee's Rapid Deconstruction
   850 | D        | Noticed a redback
   857 | D        | Killed a redback
   857 | D        | Reached skill level 14 in Stealth
   899 | D        | Noticed a trapdoor spider
   900 | D        | Noticed a trapdoor spider
   901 | D        | Killed a trapdoor spider
   901 | D        | Acquired Dithmenos's third power
   909 | D        | Killed a trapdoor spider
  1004 | D        | Noticed a queen bee
  1004 | D        | Noticed a killer bee
  1004 | D        | Noticed a killer bee
  1004 | D        | Noticed a killer bee
  1004 | D        | Noticed a killer bee
  1004 | D        | Noticed a killer bee
  1004 | D        | Noticed a killer bee
  1004 | D        | Noticed a killer bee
  1004 | D        | Noticed a killer bee
  1004 | D        | Noticed a killer bee
  1004 | D        | Noticed a killer bee
  1004 | D        | Noticed a killer bee
  1004 | D        | Noticed a killer bee
  1004 | D        | Noticed a killer bee
  1004 | D        | Noticed a killer bee
  1005 | D        | Noticed a killer bee
  1005 | D        | Noticed a killer bee
  1005 | D        | Noticed a killer bee
  1005 | D        | Noticed a killer bee
  1005 | D        | Noticed a killer bee
  1005 | D        | Noticed a killer bee
  1005 | D        | Noticed a killer bee
  1005 | D        | Noticed a killer bee
  1005 | D        | Noticed a killer bee
  1005 | D        | Noticed a killer bee
  1005 | D        | Noticed a killer bee
  1005 | D        | Noticed a killer bee
  1005 | D        | Noticed a killer bee
  1005 | D        | Noticed a killer bee
  1005 | D        | Noticed a killer bee
  1005 | D        | Noticed a killer bee
  1005 | D        | Noticed a killer bee
  1005 | D        | Noticed a killer bee
  1008 | D        | Killed a killer bee
  1010 | D        | Killed a killer bee
  1013 | D        | Killed a killer bee
  1016 | D        | Killed a killer bee
  1018 | D        | Killed a killer bee
  1018 | D        | Acquired Dithmenos's fourth power
  1020 | D        | Killed a killer bee
  1023 | D        | Killed a killer bee
  1025 | D        | Killed a killer bee
  1025 | D        | Reached skill level 5 in Ice Magic
  1027 | D        | Killed a killer bee
  1029 | D        | Killed a killer bee
  1190 | D        | Killed a killer bee
  1193 | D        | Killed a killer bee
  1199 | D        | Killed a killer bee
  1201 | D        | Killed a killer bee
  1205 | D        | Killed a killer bee
  1207 | D        | Killed a killer bee
  1209 | D        | Killed a killer bee
  1213 | D        | Killed a killer bee
  1215 | D        | Killed a killer bee
  1337 | D        | Killed a queen bee
  1337 | D        | Reached skill level 15 in Stealth
  1339 | D        | Killed a killer bee
  1341 | D        | Killed a killer bee
  1348 | D        | Killed a killer bee
  1353 | D        | Killed a killer bee
  1377 | D        | Killed a killer bee
  1379 | D        | Killed a killer bee
  1379 | D        | Reached XP level 10. HP: 44/44 MP: 19/27
  1392 | D        | Killed a killer bee
  1406 | D        | Killed a killer bee
  1454 | D        | Killed a killer bee
  1460 | D        | Killed a killer bee
  1469 | D        | Killed a killer bee
  1501 | D        | Learned a level 3 spell: Gell's Gravitas
  1507 | D        | Killed a killer bee
  1512 | D        | Killed a killer bee
  1599 | D        | Noticed a wandering mushroom
  1627 | D        | Noticed a wandering mushroom
  1627 | D        | Noticed a wandering mushroom
  1628 | D        | Killed a wandering mushroom
  1628 | D        | Reached skill level 1 in Translocations
  1628 | D        | Reached skill level 5 in Earth Magic
  1630 | D        | Killed a wandering mushroom
  1630 | D        | Reached skill level 5 in Conjurations
  1631 | D        | Killed a wandering mushroom
  1669 | D        | Noticed a spiny frog
  1669 | D        | Noticed a komodo dragon
  1669 | D        | Noticed a spiny frog
  1675 | D        | Killed a spiny frog
  1677 | D        | Killed a spiny frog
  1679 | D        | Killed a komodo dragon
  1679 | D        | Reached skill level 16 in Stealth
  1679 | D        | Reached skill level 10 in Hexes
  1706 | D        | Noticed a redback
  1710 | D        | Noticed a brain worm
  1714 | D        | Killed a redback
  1716 | D        | Killed a brain worm
  1842 | D        | Noticed a brain worm
  1844 | D        | Killed a brain worm
  1850 | D        | Noticed a lindwurm
  1852 | D        | Noticed a redback
  1853 | D        | Killed a lindwurm
  1853 | D        | Reached skill level 15 in Dodging
  1855 | D        | Killed a redback
  1859 | D        | Noticed a redback
  1860 | D        | Killed a redback
  1861 | D        | Noticed Maud
  1864 | D        | Killed Maud
  1864 | D        | Reached skill level 5 in Translocations
  1864 | D        | Reached XP level 11. HP: 47/47 MP: 29/29
  1874 | D        | Learned a level 5 spell: Metabolic Englaciation
  1878 | D        | Noticed an electric eel
  1879 | D        | Noticed a five-headed hydra
  1879 | D        | Noticed an eight-headed hydra
  1881 | D        | Killed an electric eel
  1883 | D        | Killed a five-headed hydra
  1883 | D        | Reached skill level 17 in Stealth
  1884 | D        | Killed an eight-headed hydra
  1897 | D        | Noticed a death drake
  1900 | D        | Killed a death drake
  1932 | D        | Found a blossoming altar of Fedhas.
  1932 | D        | Noticed a spriggan
  1932 | D        | Noticed a spriggan druid
  1932 | D        | Noticed a spriggan
  1942 | D        | Killed a spriggan druid
  1943 | D        | Killed a spriggan
  1943 | D        | Killed a spriggan
  2101 | D        | Noticed an anaconda
  2101 | D        | Noticed a black mamba
  2101 | D        | Noticed an anaconda
  2101 | D        | Noticed a water moccasin
  2102 | D        | Noticed an anaconda
  2103 | D        | Killed an anaconda
  2104 | D        | Killed an anaconda
  2104 | D        | Reached skill level 18 in Stealth
  2105 | D        | Killed a black mamba
  2110 | D        | Killed an anaconda
  2111 | D        | Killed a water moccasin
  2139 | D        | Noticed an anaconda
  2139 | D        | Noticed a water moccasin
  2139 | D        | Noticed an anaconda
  2139 | D        | Noticed a water moccasin
  2140 | D        | Noticed an anaconda
  2141 | D        | Killed an anaconda
  2142 | D        | Killed a water moccasin
  2142 | D        | Reached skill level 10 in Transmutations
  2144 | D        | Killed an anaconda
  2145 | D        | Killed a water moccasin
  2148 | D        | Killed an anaconda
  2148 | D        | Reached skill level 10 in Short Blades
  2148 | D        | Reached skill level 15 in Spellcasting
  2176 | D        | Noticed a black mamba
  2176 | D        | Noticed an anaconda
  2178 | D        | Killed a black mamba
  2178 | D        | Reached XP level 12. HP: 51/51 MP: 32/32
  2182 | D        | Killed an anaconda
  2193 | D        | Noticed a naga
  2193 | D        | Noticed a naga
  2196 | D        | Noticed a naga warrior
  2196 | D        | Noticed a greater naga
  2196 | D        | Found Iseblas's Jewellery Shop.
  2196 | D        | Found Vadeusoo's Antique Armour Shoppe.
  2197 | D        | Killed a naga
  2198 | D        | Killed a naga
  2199 | D        | Found Leumety's Distillery.
  2200 | D        | Killed a naga warrior
  2200 | D        | Reached skill level 19 in Stealth
  2201 | D        | Killed a greater naga
  2215 | D        | Noticed a guardian serpent
  2217 | D        | Killed a guardian serpent
  2219 | D        | Got a serpentine rune of Zot
  2301 | D        | Noticed a swamp drake
  2301 | D        | Noticed a fire drake
  2302 | D        | Killed a fire drake
  2304 | D        | Killed a swamp drake
  2314 | D        | Noticed a blink frog
  2314 | D        | Noticed a blink frog
  2314 | D        | Noticed a blink frog
  2315 | D        | Noticed a blink frog
  2315 | D        | Noticed a blink frog
  2317 | D        | Killed a blink frog
  2319 | D        | Killed a blink frog
  2321 | D        | Killed a blink frog
  2323 | D        | Killed a blink frog
  2324 | D        | Killed a blink frog
  2373 | D        | Noticed Rupert
  2375 | D        | Killed Rupert
  2388 | D        | Noticed a death yak
  2389 | D        | Noticed a death yak
  2391 | D        | Noticed a blink frog
  2391 | D        | Noticed a blink frog
  2392 | D        | Noticed a death yak
  2392 | D        | Noticed a blink frog
  2396 | D        | Killed a death yak
  2398 | D        | Noticed a death yak
  2400 | D        | Killed a death yak
  2400 | D        | Reached skill level 20 in Stealth
  2608 | D        | Killed a blink frog
  2615 | D        | Noticed a black mamba
  2615 | D        | Killed a blink frog
  2618 | D        | Killed a death yak
  2618 | D        | Reached skill level 10 in Translocations
  2630 | D        | Noticed a black mamba
  2635 | D        | Killed a black mamba
  2721 | D        | Killed a blink frog
  2726 | D        | Noticed an azure jelly
  2726 | D        | Noticed an azure jelly
  2756 | D        | Killed a black mamba
  2764 | D        | Killed a death yak
  2908 | D        | Noticed a death drake
  2910 | D        | Killed a death drake
  2914 | D        | Noticed a death drake
  2915 | D        | Found Matzomm's Gadget Shoppe.
  2916 | D        | Killed a death drake
  2916 | D        | Reached XP level 13. HP: 55/55 MP: 29/34
  2917 | D        | Found Cieh's Antique Weapon Boutique.
  2917 | D        | Noticed a swamp dragon skeleton
  2918 | D        | Found Nuep's Magic Scroll Emporium.
  2959 | D        | Noticed an azure jelly
  2959 | D        | Noticed an azure jelly
  2960 | D        | Noticed an elephant
  2960 | D        | Noticed an elephant
  2960 | D        | Noticed a dire elephant
  2960 | D        | Noticed a dire elephant
  2960 | D        | Noticed Gastronok
  3486 | D        | Killed Gastronok
  3691 | D        | Killed an elephant
  3702 | D        | Killed an elephant
  3917 | D        | Killed a dire elephant
  3978 | D        | Killed a dire elephant
  3978 | D        | Reached skill level 21 in Stealth
  4004 | D        | Killed an azure jelly
  4130 | D        | Killed an azure jelly
  4131 | D        | Killed an azure jelly
  4132 | D        | Killed an azure jelly
  4195 | D        | Noticed Harold
  4195 | D        | Noticed Joseph
  4206 | D        | Killed Harold
  4288 | D        | Killed Joseph
  4373 | D        | Found Jihigo's Armour Shop.
  4374 | D        | Noticed an orc priest
  4374 | D        | Noticed an orc priest
  4374 | D        | Noticed an orc high priest
  4374 | D        | Noticed an orc knight
  4375 | D        | Noticed an orc warrior
  4375 | D        | Noticed an orc priest
  4375 | D        | Noticed an orc priest
  4375 | D        | Noticed an orc priest
  4375 | D        | Noticed an orc priest
  4375 | D        | Noticed an orc priest
  4375 | D        | Noticed an orc high priest
  4378 | D        | Mangled by an orc knight

Vault maps used:
D:        dungeon_sprint_mu

Action                   |  1- 3 |  4- 6 |  7- 9 | 10-12 | 13-15 || total
-------------------------+-------+-------+-------+-------+-------++-------
Melee: Dagger            |    18 |     8 |    58 |    77 |    23 ||   184
 Cast: Corona            |     1 |       |       |       |       ||     1
       Ensorcelled Hiber |       |     3 |    42 |    19 |     8 ||    72
       Confuse           |       |       |     2 |     1 |       ||     3
       Dazzling Spray    |       |       |       |    26 |    47 ||    73
       Stoneskin         |       |       |       |     1 |       ||     1
       Gell's Gravitas   |       |       |       |     1 |       ||     1
       Tukima's Dance    |       |       |       |       |     3 ||     3
       Stone Arrow       |       |       |       |       |     1 ||     1
Invok: Shadow Step       |       |       |     1 |    14 |     2 ||    17
  Use: Potion            |       |     3 |       |       |     2 ||     5
       Scroll            |       |     3 |       |       |     1 ||     4
 Stab: Sleeping          |     5 |     7 |    37 |    51 |     4 ||   104
       Confused          |       |       |     1 |       |       ||     1
       Held in net/web   |       |       |     1 |       |       ||     1
       Invisible         |       |       |       |     5 |     6 ||    11
  Eat: Bread ration      |       |       |       |       |     1 ||     1
